 Dungeon Crawl Stone Soup version 0.23.2-1-ga50397a6bc (webtiles) character file.

Game seed: 3144613718747115491

92 Acheron the Cudgeler (level 4, 0/36 HPs)
             Began as a Minotaur Wanderer on Apr 20, 2019.
             Killed from afar by an orc wizard (4 damage)
             ... with a magic dart
             ... on level 3 of the Dungeon.
             The game lasted 00:07:19 (1857 turns).

Acheron the Cudgeler (Minotaur Wanderer)            Turns: 1857, Time: 00:07:20

Health: 0/36       AC:  5    Str: 16    XL:     4   Next: 35%
Magic:  3/3        EV: 11    Int:  8    God:
Gold:   119        SH:  0    Dex: 12    Spells: 3/3 levels left

rFire    . . .     SeeInvis .   e - +2 war axe (elec)
rCold    . . .     Gourm    .   (no shield)
rNeg     . . .     Faith    .   c - +0 ring mail
rPois    .         Spirit   .   (helmet restricted)
rElec    .         Reflect  .   (no cloak)
rCorr    .         Harm     .   (no gloves)
MR       .....                  (no boots)
Stlth    ..........             (no amulet)
HPRegen  0.12/turn              (no ring)
MPRegen  0.08/turn              (no ring)

@: confused
A: retaliatory headbutt, horns 2
a: no special abilities


You were on level 3 of the Dungeon.
You were not hungry.

You visited 1 branch of the dungeon, and saw 3 of its levels.

You collected 119 gold pieces.

Inventory:

Hand Weapons
 a - a +2 mace
 e - a +2 war axe of electrocution (weapon)
 g - a +0 dagger
 i - a +1 whip of venom
 p - a +0 short sword
Missiles
 m - 92 stones (quivered)
 s - 30 sling bullets
Armour
 c - a +0 ring mail (worn)
Jewellery
 h - an uncursed amulet of regeneration
 l - an uncursed ring of magical power {unknown}
Scrolls
 f - a scroll of noise
 q - a scroll of blinking {unknown}
 r - a scroll of immolation {unknown}
Potions
 k - a potion of magic
 n - a potion of brilliance {unknown}
 o - a potion of ambrosia {unknown}
 t - a potion of might {unknown}
Comestibles
 d - 8 rations
 u - 2 chunks of flesh


   Skills:
 * Level 2.2 Fighting
 + Level 3.5 Maces & Flails
 + Level 3.4 Armour
 * Level 1.6 Dodging
 * Level 1.2 Stealth
   Level 1.2 Shields
   Level 1.2 Hexes
   Level 1.0 Charms
   Level 1.0 Evocations


You had 3 spell levels left.
You didn't know any spells.
Your spell library contained the following spells:

 Spells                   Type           Power        Failure   Level  Hunger
 Passwall                 Tmut/Erth      #.......     77%         2    ###....
 Sticks to Snakes         Tmut           #.......     77%         2    ###....


Dungeon Overview and Level Annotations

Branches:
Dungeon (3/15)

Altars:
Hepliaklqana


Innate Abilities, Weirdness & Mutations

You reflexively headbutt those who attack you in melee.
You have a pair of horns on your head.


Message History

Lightning courses through the goblin!
You kill the goblin!
The goblin hits you. Something hits you.
* * * LOW HITPOINT WARNING * * *
You hit something but do no damage. You headbutt something!
You barely miss the goblin. The goblin hits you.
* * * LOW HITPOINT WARNING * * *
You hear some strange, mumbled words.
You are confused.
You bump into the rock wall.
The goblin closely misses you. Something hits you but does no damage.
You bump into the rock wall.
The goblin misses you. Something hits you.
* * * LOW HITPOINT WARNING * * *
You miss something. Your headbutt misses something. You hit the goblin.
The goblin hits you.
* * * LOW HITPOINT WARNING * * *
You hear some strange, mumbled words.
A magic dart appears from out of thin air!
The magic dart hits you.
You die...

.... #!.# #..#
.###### #..# .#
.......
#o#####..##..# #####
#............# #....
#..###.## #.###
#......g###########
###
##.....o{@gg.......
#..
###...g###g#####.#
#.# ##.#.##
#.#...... #....#
#.†..go.. #..#.#
#g#.###.#
####...#.###.#.#
#.....###g)(.#.#
#.#....#(#####)###.#
# #..##..(.(.gg....#


You could see an orc, 2 hobgoblins and 3 goblins.

Vanquished Creatures
  Robin (D:3)
  3 adders (D:2)
  A worm (D:2)
  A dart slug (D:1)
  2 leopard geckos
  An orc (D:3)
  4 giant cockroaches
  7 goblins
  6 hobgoblins
  2 jackals (D:3)
  A quokka (D:2)
  3 bats
  3 frilled lizards (D:1)
  4 kobolds
  6 rats
45 creatures vanquished.

Vanquished Creatures (others)
  A kobold (D:3)
1 creature vanquished.

Grand Total: 46 creatures vanquished

Notes
Turn   | Place    | Note
-------+----------+-------------------------------------------
     0 | D:1      | Acheron the Minotaur Wanderer began the quest for the Orb.
     0 | D:1      | Acheron set off with the following items: a +2 mace, a +0
                  | ring mail, a ration; and the following spells available to
                  | memorise: Passwall, Sticks to Snakes
     0 | D:1      | Reached XP level 1. HP: 16/16 MP: 0/0
   303 | D:1      | Reached XP level 2. HP: 23/23 MP: 1/1
   744 | D:1      | Reached XP level 3. HP: 28/29 MP: 2/2
  1325 | D:2      | Reached skill level 1 in Dodging
  1325 | D:2      | Reached skill level 1 in Stealth
  1573 | D:2      | Reached XP level 4. HP: 30/36 MP: 3/3
  1710 | D:2      | Found a hazy altar of Hepliaklqana.
  1826 | D:3      | Noticed Robin
  1829 | D:3      | Killed Robin
  1857 | D:3      | Killed from afar by an orc wizard

Skill      XL: |  1  2  3 |
---------------+----------+-----
Armour         | 3 |  3.4
Maces & Flails | 3 |  3.5
Fighting       | 2 |  2.2
Dodging        | 1 |  1.6
Stealth        | 1 |  1.2
Shields        | |  1.2
Hexes          | |  1.2
Charms         | |  1.0
Evocations     | |  1.0

Action                   |  1- 3 |  4- 6 || total
-------------------------+-------+-------++-------
Melee: Mace              |    74 |     9 ||    83
       Headbutt          |    16 |     1 ||    17
       War axe           |       |     9 ||     9
  Use: Scroll            |       |     6 ||     6
       Potion            |       |     1 ||     1
  Eat: Chunk             |     2 |     1 ||     3
Armor: Ring mail         |    35 |     5 ||    40
Dodge: Dodged            |    49 |    16 ||    65
